 Dungeon Crawl Stone Soup version 0.26-a0-466-g989023bd0d (webtiles) character file.

Game seed: 15573440656308381112

431208 Apogee the Slayer (level 23, -2/354 HPs)
             Began as a Hill Orc Berserker on Aug 3, 2020.
             Was the Champion of Trog.
             Killed by the air
             ... invoked by a spriggan air mage
              (20 damage)
             ... on level 4 of the Depths.
             The game lasted 01:25:51 (54255 turns).

Apogee the Slayer (Hill Orc Berserker)             Turns: 54255, Time: 01:25:52

Health: -2/354     AC: 31    Str: 43    XL:     23   Next: 91%
Magic:  23/23      EV: 14    Int:  7    God:    Trog [******]
Gold:   4340       SH: 38    Dex: 10    Spells: 22/22 levels left

rFire    + + .     SeeInvis +   b - +8 broad axe "Gikea" {vorpal, rN+ Str+2}
rCold    + . .     Faith    .   C - +7 tower shield "Ychorgh" {rN++}
rNeg     + + +     Spirit   .   Q - +6 fire dragon scales "Wimitomp" {Harm +Fly rElec rF++ rC- Slay+2}
rPois    +         Reflect  +   H - +1 hat "Pac Fizi" {rC++ Regen+}
rElec    +         Harm     +   s - +1 cloak {rPois}
rCorr    .                      M - +0 pair of gloves {Str+3}
MR       ++...                  v - +1 pair of boots of Hedge Wizardry {MR+ Str+2 Slay+3 SInv}
Stlth    ..........             e - amulet of reflection
HPRegen  1.09/turn              R - +4 ring of evasion
MPRegen  0.18/turn              u - ring "Kytry" {rElec Str+6}

@: berserking (expiring), marked, flayed, very quick
A: no striking features
}: 2/15 runes: decaying, serpentine
a: Berserk, Trog's Hand, Brothers in Arms, Renounce Religion, Evoke Flight


You were on level 4 of the Depths.
You worshipped Trog.
Trog was exalted by your worship.
You visited 8 branches of the dungeon, and saw 41 of its levels.
You visited 2 bazaars.
You also visited: Gauntlet.

You collected 5856 gold pieces.
You spent 1516 gold pieces at shops.

Inventory:

Hand Weapons
 a - the +8 broad axe "Goblinbane" {protect, rC+ Str+3}
   (You acquired it on level 1 of the Elven Halls)

   It grants its wielder temporary protection when it strikes (+7 to AC).
   It affects your strength (+3).
   It protects you from cold.
 b - the +8 broad axe "Gikea" (weapon) {vorpal, rN+ Str+2}
   (Trog gifted it to you on level 3 of the Lair of Beasts)

   It inflicts extra damage upon your enemies.
   It affects your strength (+2).
   It protects you from negative energy.
Missiles
 n - 1223 stones
 D - 10 curare-tipped darts {!f}
 P - 13 javelins (quivered)
 T - 6 throwing nets {!f}
 V - 24 silver javelins
Armour
 s - a +1 cloak of poison resistance (worn)
   (You took it off Crazy Yiuf on level 3 of the Dungeon)
 v - the +1 pair of boots of Hedge Wizardry (worn) {MR+ Str+2 Slay+3 SInv}
   (You acquired it on level 3 of the Vaults)

   It affects your strength (+2).
   It affects your accuracy and damage with ranged weapons and melee attacks
   (+3).
   It affects your resistance to hostile enchantments.
   It lets you see invisible.
 C - the +7 tower shield "Ychorgh" (worn) {rN++}
   (You found it on level 3 of the Elven Halls)

   It greatly protects you from negative energy.
 H - the +1 hat "Pac Fizi" (worn) {rC++ Regen+}
   (You found it on level 3 of the Vaults)

   It greatly protects you from cold.
   It increases your rate of regeneration.
 M - a +0 pair of gloves of strength (worn)
   (You found it in a Gauntlet)
 Q - the +6 fire dragon scales "Wimitomp" (worn) {Harm +Fly rElec rF++ rC- Slay+2}
   (You took it off a minotaur in a Gauntlet)

   It affects your accuracy and damage with ranged weapons and melee attacks
   (+2).
   It greatly protects you from fire.
   It makes you vulnerable to cold.
   It insulates you from electricity.
   It lets you fly.
   It increases damage dealt and taken.
Jewellery
 e - an amulet of reflection (around neck)
   (You found it on level 2 of the Snake Pit)
 i - an uncursed ring of protection from fire
   (You found it on level 8 of the Dungeon)
 j - an uncursed ring of positive energy
   (You found it on level 2 of the Swamp)
 r - the ring of Jocoeni {rElec rPois Int+3}
   (You took it off a deep elf sorcerer on level 3 of the Elven Halls)

   [ring of poison resistance]

   It affects your intelligence (+3).
   It insulates you from electricity.
   It protects you from poison.
 u - the ring "Kytry" (right hand) {rElec Str+6}
   (You found it on level 3 of the Elven Halls)

   [ring of strength]

   It affects your strength (+6).
   It insulates you from electricity.
 z - an uncursed ring of see invisible
   (You found it on level 3 of the Dungeon)
 F - an uncursed ring of flight
   (You took it off a deep elf sorcerer on level 3 of the Elven Halls)
 G - an uncursed ring of fire
   (You found it on level 3 of the Swamp)
 R - a +4 ring of evasion (left hand)
   (You found it on level 9 of the Dungeon)
 U - an uncursed ring of ice
   (You found it on level 2 of the Swamp)
Wands
 x - a wand of acid (36)
   (You found it on level 1 of the Lair of Beasts)
 X - a wand of clouds (10)
   (You found it on level 4 of the Lair of Beasts)
Scrolls
 f - 4 scrolls of immolation {!r}
 g - 19 scrolls of identify {@r1}
 h - 3 scrolls of magic mapping
 k - 28 scrolls of teleportation {@r4}
 p - 8 scrolls of fear
 y - 4 scrolls of fog
 B - 25 scrolls of remove curse {@r2}
 E - 11 scrolls of enchant weapon
 J - 6 scrolls of vulnerability {!r}
 L - 3 scrolls of silence
 N - 10 scrolls of enchant armour
 O - a scroll of brand weapon
 Z - 2 scrolls of blinking
Potions
 c - 11 potions of heal wounds {@q2}
 l - 6 potions of flight
 m - 6 potions of might
 o - 10 potions of haste {@q3}
 q - 2 potions of cancellation
 t - a potion of berserk rage
 w - 10 potions of lignification {!q}
 I - 20 potions of curing {@q1}
 S - 5 potions of mutation {!q}
 W - 3 potions of ambrosia
 Y - 3 potions of resistance


   Skills:
 + Level 25.8 Fighting
 - Level 18.0 Axes
 - Level 10.0 Throwing
 + Level 23.9 Armour
 - Level 1.5 Dodging
 + Level 18.9 Shields


You had 22 spell levels left.
You didn't know any spells.
Your spell library contained the following spells:

 Spells                   Type           Power        Failure   Level
 Apportation              Tloc           #.....       80%         1
 Blink                    Tloc           N/A          91%         2
 Lesser Beckoning         Tloc           #.........   99%         3
 Portal Projectile        Hex/Tloc       #.....       99%         3
 Dispersal                Tloc           #.........   100%        6
 Controlled Blink         Tloc           N/A          100%        8


Dungeon Overview and Level Annotations

Branches:
Dungeon (15/15)            Temple (0/1) D:6            Lair (6/6) D:9
  Swamp (4/4) Lair:4        Snake (4/4) Lair:3        Slime (0/5) Lair:5
    Orc (2/2) D:10            Elf (3/3) Orc:2        Vaults (4/5) D:14
  Crypt (0/3) Vaults:2     Depths (2/5) D:15        Gauntlet (visited)

Altars:
Ashenzari
Dithmenos
Elyvilon
Gozag
Sif Muna
Trog
Vehumet
Zin
The Shining One
Beogh
Jiyva

Shops:
D:6 [   D:8 *   D:11 ?   D:14 [(([=   Orc:2 =(*[   Elf:1 ?   Elf:2 **(*
Elf:3 (   Snake:2 (   Snake:4 ==}   Vaults:3 [   Depths:1 (

Portals:
Hell: Depths:1 Depths:4
Pandemonium: Depths:1
Ziggurat: Depths:1

Annotations:
D:6 3 runed translucent doors, Yorgos's ghost, novice DsGl
D:14 2 transporters, Otoukem's ghost, journeyman MiBe
Elf:2 3 runed translucent doors
Depths:1 1 runed translucent door


Message History

Trog appreciates your killing of a magic user.
The earth elemental disappears in a puff of smoke! x2
You slice the two-headed ogre!!
You kill the two-headed ogre!
Trog accepts your kill.
Unknown command.
You slash the ice dragon! You slash the ice dragon!
The ice dragon closely misses you. You block the ice dragon's attack. x2
An ogre comes into view. It is wielding a +0 giant spiked club.
You slash the ice dragon! You slash the two-headed ogre!
The flayed ghost cries, "Suffer as I suffered!"
Terrible wounds spread across more of your body!
* * * LOW HITPOINT WARNING * * *
You block the two-headed ogre's attack. x2; You block the ice dragon's attack.
The ice dragon claws you but does no damage.
The ice dragon tramples you but does no damage.
You barely miss the ice dragon. You slash the two-headed ogre!
Unknown command.
You slash the ice dragon! You slice the two-headed ogre!!
You kill the two-headed ogre!
Trog accepts your kill.
A spriggan air mage comes into view.
The ice dragon breathes frost at you. The blast of cold hits you! You resist.
* * * LOW HITPOINT WARNING * * *
You are too berserk!
Unknown command.
You are too injured to fight recklessly!
You hit the ice dragon. You barely miss the storm dragon.
You slash the storm dragon!
The spriggan air mage waves its arms in wide circles.
The air twists around and strikes you.
* * * LOW HITPOINT WARNING * * *
You barely miss the storm dragon. You slice the two-headed ogre!!
The storm dragon completely misses you. You block the storm dragon's attack. x2
An ogre comes into view. It is wielding a +0 giant spiked club.
Unknown command.
You slice the storm dragon!!
You dice the two-headed ogre like an onion!!!
You feel the power of Trog in you as your rage grows.
You kill the two-headed ogre!
Trog accepts your kill.
Unknown command.
You slice the storm dragon!! You slice the ogre!!
The storm dragon completely misses you. You block the storm dragon's attack. x2
The spriggan air mage waves its arms in wide circles.
The air twists around and strikes you!
You die... #..#.####### ## #### ##..#.# yD..

...
##...#.#
....# #..
#.####.#
....#( #.
###
#(#.....#.=
#. #.#
..#.. ..
##.# ..##
#### ##..#
....# #...
#..@#W....#
#...
#..ODc....#
#...
#..)#D....#
#...
#..(#.....#
#... ##.O#
##### ####
#..i ...
... #O..
... ####
#... .. #
#....


You could see a storm dragon, an ice dragon, a yaktaur captain, a spriggan air
mage (repels missiles) and 3 ogres.

Vanquished Creatures
  Mara (Vaults:3)
  Margery (Vaults:2)
  Bai Suzhen (Vaults:3)
  Vashnia (Snake:2)
  A golden dragon (Depths:4)
  Nikola (Snake:4)
  3 caustic shrikes (Depths:2)
  Jorgrun (D:15)
  Rupert (Lair:3)
  6 liches
  5 deep elf blademasters (Elf:3)
  2 deep elf master archers (Elf:3)
  Asterion (Vaults:1)
  4 thorn hunters (Swamp:4)
  A shadow dragon (Depths:2)
  Gastronok (D:8)
  A tengu reaver (Vaults:3)
  4 fire giants
  10 nagarajas
  8 vault wardens
  Aizul (Snake:1)
  5 frost giants
  A ghost moth (shapeshifter) (Depths:2)
  An orc warlord (Orc:2)
  7 deep elf sorcerers
  12 ironheart preservers
  7 very ugly things
  2 deep elf elementalists
  2 entropy weavers
  13 stone giants
  A vampire knight (Depths:4)
  A minotaur (Gauntlet)
  2 deep elf demonologists
  9 deep elf annihilators
  4 spark wasps
  5 deep elf death magi
  4 ettins
  Snorg (Lair:6)
  2 deep elf high priests (Elf:3)
  7 yaktaur captains
  4 fire dragons
  6 great orbs of eyes
  5 vault guards
  13 naga warriors
  Harold (D:9)
  7 rakshasas
  4 ice dragons
  A hydra (shapeshifter) (Depths:2)
  3 shambling mangroves
  2 spriggan air magi
  25 two-headed ogres
  12 centaur warriors
  A catoblepas (Lair:6)
  23 hydras
  12 anacondas
  9 ogre magi
  A death knight (Vaults:2)
  11 deep troll shamans
  The ghost of Wiawib the Basher, a journeyman GrFi of Trog (Lair:1)
  9 deep troll earth magi
  10 dancing weapons
  5 tengu warriors
  A queen ant (D:9)
  2 vampire magi
  9 death yaks (Lair:6)
  13 alligators
  17 naga sharpshooters
  An orc high priest (Orc:2)
  13 shock serpents
  5 spriggan berserkers
  29 slime creatures
  11 hell knights
  3 spriggans (Swamp:4)
  19 deep elf knights
  2 sun demons (Depths:1)
  Nergalle (D:12)
  6 iron trolls
  A fire crab (shapeshifter) (Vaults:3)
  A shadow wraith (Vaults:4)
  A salamander mystic (Snake:3)
  A torturous demonspawn (Depths:1)
  27 deep trolls
  3 phantasmal warriors
  An infernal demonspawn (Depths:1)
  2 flayed ghosts
  5 swamp dragons
  3 unseen horrors
  17 deep elf archers
  7 glowing orange brains
  3 wizards
  8 naga ritualists
  A lindwurm (Lair:6)
  Pikel (D:4)
  3 necromancers
  16 orc knights
  A mana viper (shapeshifter) (Depths:2)
  11 ironbrand convokers
  10 mana vipers
  29 ugly things
  6 orc sorcerers
  48 deep elf magi
  4 cyclopes
  A cyclops (shapeshifter) (Depths:1)
  4 manticores
  5 salamanders
  2 manticores (shapeshifter)
  2 elephants (Lair:6)
  2 wolf spiders
  A black mamba (shapeshifter) (Vaults:1)
  An eye of devastation (Gauntlet)
  A guardian serpent (Snake:4)
  A centaur zombie (D:12)
  2 torpor snails (Lair:6)
  36 black mambas
  19 naga magi
  5 vault sentinels
  22 cane toads
  2 gargoyles
  Psyche (D:12)
  4 komodo dragons
  2 rime drakes
  An efreet (D:15)
  11 freezing wraiths
  A storm dragon simulacrum (Depths:1)
  45 yaktaurs
  A yaktaur (shapeshifter) (Depths:1)
  A tormentor (Depths:1)
  6 tengu conjurers
  10 polar bears (Lair:6)
  12 trolls
  3 raiju (Lair:6)
  A jumping spider (Vaults:4)
  A wolf spider simulacrum (Gauntlet)
  2 queen bees (shapeshifter)
  15 hornets
  6 bog bodies
  16 hippogriffs
  Prince Ribbit (D:8)
  29 blink frogs
  12 dream sheep
  9 tyrant leeches
  A hippogriff (shapeshifter) (Vaults:4)
  A frost giant simulacrum (Vaults:2)
  A deep troll zombie (Depths:1)
  Grinder (D:3)
  A meliai zombie (D:14)
  A fire giant simulacrum (Vaults:3)
  2 centaur simulacra (Gauntlet)
  2 redbacks (Vaults:2)
  2 shadows
  A tarantella (Vaults:2)
  A spriggan (shapeshifter) (Vaults:3)
  Sigmund (D:6)
  An air elemental (Elf:2)
  3 wraiths (D:14)
  A fire dragon skeleton (Depths:1)
  5 wyverns
  A spectral komodo dragon (Lair:1)
  31 yaks
  Eustachio (D:4)
  2 fire elementals (Elf:3)
  16 vampire mosquitoes
  A basilisk (Lair:5)
  A neqoxec (Depths:1)
  Menkaure (D:6)
  A death yak simulacrum (Lair:1)
  An acid dragon (D:15)
  17 wargs
  6 insubstantial wisps (Swamp:3)
  43 nagas
  4 soldier ants
  16 swamp worms
  A tengu skeleton (Depths:1)
  13 water moccasins
  12 hell hounds (Lair:6)
  2 floating eyes
  11 porcupines
  Duvessa (D:4)
  4 sky beasts
  14 black bears
  2 eyes of draining (shapeshifter)
  9 swamp drakes
  49 orc warriors
  An eye of draining (D:9)
  4 ice beasts
  2 spectral torpor snails (Lair:1)
  20 wolves
  27 ogres
  4 phantoms
  21 centaurs
  10 crocodiles
  A lemure (D:4)
  Blork the orc (D:4)
  2 big kobolds
  16 bullfrogs
  An earth elemental (Elf:3)
  A cane toad simulacrum (Lair:1)
  2 scorpions
  Dowan (D:4)
  5 killer bees
  4 wights (D:13)
  A killer bee (shapeshifter) (Depths:2)
  3 electric eels
  2 howler monkeys (D:9)
  2 crimson imps (Depths:1)
  A lava snake (Lair:6)
  2 jellies
  8 hounds
  2 quasits (D:12)
  A bullfrog zombie (D:9)
  2 wyvern simulacra (Gauntlet)
  33 orc wizards
  Crazy Yiuf (D:3)
  2 centaur skeletons
  15 orc priests
  2 bullfrog skeletons
  An iron imp (Depths:1)
  3 iguanas
  Ijyb (D:3)
  30 worker ants
  2 hound skeletons
  21 adders
  4 shadow imps
  4 white imps
  2 ufetubi
  2 oozes (D:4)
  An adder zombie (D:6)
  An adder skeleton (D:7)
  6 worms
  2 dart slugs
  8 leopard geckos
  103 orcs
  4 bats
  2 giant cockroaches (D:1)
  8 goblins
  7 hobgoblins
  16 jackals
  4 quokkas
  4 frilled lizards
  18 kobolds
  A leopard gecko skeleton (D:6)
  A quokka skeleton (D:5)
  16 rats
  5 briar patches (Swamp:4)
  10 fungi
  4 plants
1720 creatures vanquished.

Vanquished Creatures (collateral kills)
  An orc warlord (D:12)
  A vault warden (Vaults:2)
  2 ironheart preservers
  A fire dragon (D:12)
  A vault guard (Vaults:2)
  4 hydras (Swamp:4)
  A naga sharpshooter (Snake:4)
  A hell knight (Vaults:2)
  2 swamp dragons (Swamp:4)
  A necromancer (Vaults:2)
  4 naga magi (Snake:4)
  A wolf spider simulacrum (Gauntlet)
  A hornet (Vaults:2)
  A troll (D:11)
  A harpy simulacrum (Gauntlet)
  2 nagas (Snake:4)
  2 swamp drakes (Swamp:4)
  4 killer bees (D:11)
31 creatures vanquished.

Vanquished Creatures (others)
  A deep elf annihilator (Elf:3)
  A fire dragon (Vaults:2)
  A rakshasa (Vaults:2)
  2 ogre magi (Vaults:2)
  2 two-headed ogres (Vaults:2)
  A deep troll earth mage (Vaults:2)
  A deep troll (Vaults:2)
  A naga ritualist (Snake:4)
  3 ogres (Vaults:2)
  A centaur (D:11)
  A briar patch (Swamp:4)
  4 fungi
  12 plants
  4 toadstools (D:1)
35 creatures vanquished.

Grand Total: 1786 creatures vanquished

Notes
Turn   | Place    | Note
-------+----------+-------------------------------------------
     0 | D:1      | Apogee the Hill Orc Berserker began the quest for the Orb.
     0 | D:1      | Reached XP level 1. HP: 19/19 MP: 1/1
   114 | D:1      | Reached XP level 2. HP: 9/27 MP: 2/2
   425 | D:1      | Reached skill level 4 in Fighting
   654 | D:1      | Reached skill level 5 in Axes
   741 | D:1      | Reached XP level 3. HP: 33/33 MP: 3/3
   966 | D:1      | Reached ** piety under Trog
  1160 | D:2      | Found a shattered altar of Ashenzari.
  1720 | D:2      | Reached XP level 4. HP: 39/41 MP: 4/4
  2505 | D:3      | Noticed a centaur
  2517 | D:3      | Killed a centaur
  2517 | D:3      | Reached XP level 5. HP: 36/47 MP: 5/5
  2688 | D:3      | Reached skill level 5 in Fighting
  2755 | D:3      | Noticed Ijyb
  2771 | D:3      | Killed Ijyb
  2771 | D:3      | Reached XP level 6. HP: 56/56 MP: 6/6
  3119 | D:3      | Noticed Grinder
  3137 | D:3      | Killed Grinder
  3398 | D:3      | Found a runed translucent door.
  3399 | D:3      | Noticed Crazy Yiuf
  3407 | D:3      | Killed Crazy Yiuf
  3407 | D:3      | Reached XP level 7. HP: 52/61 MP: 7/7
  3617 | D:4      | Noticed Blork the orc
  3635 | D:4      | Killed Blork the orc
  3658 | D:4      | Reached skill level 6 in Fighting
  3738 | D:4      | Noticed Pikel
  3792 | D:4      | Killed Pikel
  3792 | D:4      | Reached skill level 5 in Armour
  3792 | D:4      | Reached XP level 8. HP: 71/71 MP: 8/8
  3882 | D:4      | Noticed Eustachio
  3931 | D:4      | Killed Eustachio
  3931 | D:4      | Reached skill level 7 in Fighting
  3931 | D:4      | Reached skill level 10 in Axes
  4104 | D:4      | Noticed Dowan
  4127 | D:4      | Killed Dowan
  4127 | D:4      | Reached *** piety under Trog
  4231 | D:4      | Noticed Duvessa
  4245 | D:4      | Killed Duvessa
  4764 | D:5      | Entered Level 5 of the Dungeon
  4993 | D:5      | Noticed a moth of wrath
  4996 | D:5      | Found a bloodstained altar of Trog.
  5257 | D:5      | Reached XP level 9. HP: 72/80 MP: 9/9
  5407 | D:5      | Found a glowing golden altar of the Shining One.
  5409 | D:5      | Found a radiant altar of Vehumet.
  5425 | D:5      | Found an opulent altar of Gozag.
  5780 | D:6      | Noticed Menkaure
  5788 | D:6      | Killed Menkaure
  5788 | D:6      | Reached skill level 8 in Fighting
  5813 | D:6      | Found a staircase to the Ecumenical Temple.
  6100 | D:6      | Reached **** piety under Trog
  6364 | D:6      | Found a runed translucent gate.
  6365 | D:6      | Found a runed translucent gate.
  6365 | D:6      | Noticed Yorgos's ghost (novice DsGl)
  6366 | D:6      | Found a runed translucent gate.
  6368 | D:6      | Identified the +2 broad axe of Havoc {holy, rPois rN+
                  | Dex+3}
  6368 | D:6      | Identified the +10 plate armour "Beicanou" {rC++ Stlth-}
  6372 | D:6      | Found a roughly hewn altar of Beogh.
  6426 | D:6      | Noticed Sigmund
  6444 | D:6      | Killed Sigmund
  6778 | D:6      | Found Gonogriove's Antique Armour Shop.
  7521 | D:7      | Noticed a hornet
  7538 | D:7      | Killed a hornet
  7538 | D:7      | Reached skill level 9 in Fighting
  7935 | D:7      | Reached XP level 10. HP: 64/91 MP: 10/10
  8448 | D:8      | Noticed a two-headed ogre
  8458 | D:8      | Killed a two-headed ogre
  8762 | D:8      | Noticed Gastronok
  8792 | D:8      | Killed Gastronok
  8792 | D:8      | Reached skill level 10 in Fighting
  8899 | D:8      | Noticed Prince Ribbit
  8929 | D:8      | Killed Prince Ribbit
  9310 | D:8      | Found Amoabestref's Assorted Antiques.
  9316 | D:8      | Bought a pair of boots for 99 gold pieces
  9578 | D:8      | Identified Suywaxze's Volume of the Dusty Glacier
  9659 | D:8      | Noticed a lindwurm
  9659 | D:8      | Noticed a lindwurm
  9664 | D:8      | Noticed a lindwurm
  9713 | D:9      | Reached ***** piety under Trog
  9713 | D:9      | Reached skill level 11 in Fighting
  9820 | D:9      | Reached XP level 11. HP: 81/102 MP: 11/11
  9946 | D:9      | Found a staircase to the Lair.
  9975 | D:9      | Reached skill level 1 in Throwing
  9980 | D:9      | Reached skill level 10 in Armour
 10338 | D:9      | Found a glowing silver altar of Zin.
 10700 | D:9      | Noticed a queen ant
 10725 | D:9      | Killed a queen ant
 11208 | D:9      | Noticed Harold
 11238 | D:9      | Killed Harold
 11511 | D:10     | Entered Level 10 of the Dungeon
 11549 | D:10     | Found a shadowy altar of Dithmenos.
 11576 | D:10     | Received a gift from Trog
 11603 | D:10     | Reached skill level 12 in Fighting
 11935 | D:10     | Found a staircase to the Orcish Mines.
 12772 | D:11     | Noticed a cyclops
 12792 | D:11     | Killed a cyclops
 13277 | D:11     | Found Hilas's Magic Scroll Boutique.
 13301 | D:11     | Bought a scroll of blinking for 90 gold pieces
 13301 | D:11     | Bought 2 scrolls of remove curse for 72 gold pieces
 13301 | D:11     | Bought a scroll of random uselessness for 12 gold pieces
 13301 | D:11     | Bought a scroll of fear for 42 gold pieces
 13301 | D:11     | Bought a scroll of immolation for 42 gold pieces
 13301 | D:11     | Bought a scroll of identify for 24 gold pieces
 13301 | D:11     | Bought a scroll of teleportation for 36 gold pieces
 13301 | D:11     | Bought a scroll of immolation for 42 gold pieces
 13336 | D:11     | Noticed a two-headed ogre
 13347 | D:11     | Killed a two-headed ogre
 13505 | D:11     | Reached XP level 12. HP: 88/113 MP: 12/12
 14006 | D:11     | Reached skill level 5 in Throwing
 14342 | D:12     | Noticed Psyche
 14360 | D:12     | Killed Psyche
 14405 | D:12     | Reached skill level 13 in Fighting
 14410 | D:12     | Noticed Nergalle
 14454 | D:12     | Killed Nergalle
 14739 | D:12     | You fall into a shaft and drop 1 floor!
 14983 | D:13     | Noticed a centaur warrior
 15006 | D:13     | Killed a centaur warrior
 15007 | D:13     | Found a gate leading to a gauntlet.
 15016 | Gauntlet | Entered a Gauntlet
 15016 | Gauntlet | Found a transporter.
 15016 | Gauntlet | Found a transporter.
 15159 | Gauntlet | Found a transporter.
 15163 | Gauntlet | Found a transporter.
 15171 | Gauntlet | Found a transporter.
 15175 | Gauntlet | Found a transporter.
 15183 | Gauntlet | Found a transporter.
 15199 | Gauntlet | Found a transporter.
 15202 | Gauntlet | Noticed a blizzard demon
 15213 | Gauntlet | Found a transporter.
 15217 | Gauntlet | Found a transporter.
 15228 | Gauntlet | Found a transporter.
 15229 | Gauntlet | Noticed a catoblepas
 15253 | Gauntlet | Found a transporter.
 15411 | Gauntlet | Paralysed by a floating eye for 4 turns
 15786 | Gauntlet | Identified the +6 fire dragon scales "Wimitomp" {Harm +Fly
                  | rElec rF++ rC- Slay+2}
 15786 | Gauntlet | Noticed a minotaur
 15807 | Gauntlet | Killed a minotaur
 15824 | Gauntlet | Identified the Almanac of Nihilism
 15862 | Gauntlet | Identified Lom Lobon's Incunabulum of the Voyage
 15929 | D:13     | Noticed a centaur warrior
 15947 | D:13     | Killed a centaur warrior
 16011 | D:13     | Noticed a two-headed ogre
 16019 | D:13     | Killed a two-headed ogre
 16403 | D:14     | Found a transporter.
 16452 | D:14     | Noticed a tengu warrior
 16475 | D:14     | Killed a tengu warrior
 16618 | D:14     | Found Qarauni's Weapon Boutique.
 16626 | D:14     | Found Gotiah's Weapon Boutique.
 16696 | D:14     | Found Xaciun Pierr's Antique Armour Shop.
 16759 | D:14     | Received a gift from Trog
 16770 | D:14     | Reached skill level 14 in Fighting
 16847 | D:14     | Noticed a tengu warrior
 16853 | D:14     | Noticed an ironheart preserver
 16863 | D:14     | Killed an ironheart preserver
 16863 | D:14     | Reached XP level 13. HP: 124/124 MP: 13/13
 17044 | D:14     | Found a gate to the Vaults.
 17124 | D:14     | Found Bofi's Armour Boutique.
 17178 | D:14     | Found a transporter.
 17193 | D:14     | Found Ziet's Jewellery Boutique.
 17254 | D:14     | Found a white marble altar of Elyvilon.
 17465 | D:14     | Noticed Otoukem's ghost (journeyman MiBe)
 17517 | D:15     | Entered Level 15 of the Dungeon
 18435 | D:15     | Noticed Jorgrun
 18456 | D:15     | Killed Jorgrun
 18456 | D:15     | Reached skill level 15 in Fighting
 18612 | D:15     | Found a staircase to the Depths.
 18612 | D:15     | Noticed a yaktaur captain
 18626 | D:15     | Killed a yaktaur captain
 18929 | D:15     | Got a faintly glowing great sword
 19377 | D:12     | Received a gift from Trog
 19391 | D:12     | Identified the +10 great sword of Intimidation {speed,
                  | MP+9} (You found it on level 15 of the Dungeon)
 19480 | D:12     | Noticed an orc warlord
 19480 | D:12     | Noticed a fire dragon
 19480 | D:12     | Noticed a stone giant
 19491 | D:12     | Killed a fire dragon
 19495 | D:12     | Killed an orc warlord
 19495 | D:12     | Reached XP level 14. HP: 66/135 MP: 14/14
 19500 | D:12     | Killed a stone giant
 19807 | D:12     | Reached skill level 15 in Axes
 20337 | Lair:1   | Entered Level 1 of the Lair of Beasts
 20354 | Lair:1   | Reached skill level 1 in Shields
 20670 | Lair:1   | Found a runed translucent gate.
 20670 | Lair:1   | Found a runed translucent gate.
 20670 | Lair:1   | Found a runed translucent gate.
 20671 | Lair:1   | Noticed Wiawib's ghost (journeyman GrFi)
 21241 | Lair:1   | Killed Wiawib's ghost
 22181 | Lair:3   | Noticed Rupert
 22192 | Lair:3   | Killed Rupert
 22318 | Lair:3   | Received a gift from Trog
 22319 | Lair:3   | Got a transparent broad axe {god gift}
 22369 | Lair:3   | Reached skill level 16 in Fighting
 22400 | Lair:3   | You fall into a shaft and drop 3 floors!
 22400 | Lair:6   | Entered Level 6 of the Lair of Beasts
 22434 | Lair:6   | Identified the +8 broad axe "Gikea" {vorpal, rN+ Str+2}
                  | (Trog gifted it to you on level 3 of the Lair of Beasts)
 22537 | Lair:6   | Reached skill level 10 in Throwing
 22539 | Lair:6   | Noticed Snorg
 22551 | Lair:6   | Killed Snorg
 22551 | Lair:6   | Reached skill level 5 in Shields
 22551 | Lair:6   | Reached XP level 15. HP: 25/144 MP: 15/15
 23107 | Lair:6   | Reached skill level 15 in Armour
 23480 | Lair:6   | Received a gift from Trog
 23490 | Lair:6   | Got a smoking lajatang {god gift}
 23842 | Lair:6   | Reached skill level 17 in Fighting
 24767 | Lair:5   | Reached ****** piety under Trog
 24892 | Lair:5   | Got a scorched flail
 25270 | Lair:5   | Found a staircase to the Slime Pits.
 25271 | Lair:5   | Found a viscous altar of Jiyva.
 25680 | Lair:4   | Received a gift from Trog
 26046 | Lair:4   | Reached XP level 16. HP: 155/155 MP: 16/16
 26268 | Lair:4   | Found a staircase to the Swamp.
 26977 | Lair:3   | Found a staircase to the Snake Pit.
 27365 | Snake:1  | Entered Level 1 of the Snake Pit
 27590 | Snake:1  | Noticed Aizul
 27610 | Snake:1  | Killed Aizul
 28164 | Snake:1  | Reached skill level 18 in Fighting
 28761 | Snake:2  | Found Pydwy's Weapon Boutique.
 28917 | Snake:2  | Noticed Vashnia
 28936 | Snake:2  | Killed Vashnia
 28936 | Snake:2  | Received a gift from Trog
 28937 | Snake:2  | Got an encrusted broad axe {god gift}
 29109 | Snake:2  | Identified the +4 broad axe "Delecs" {flame, *Rage rPois
                  | Int-4 Dex+9} (Trog gifted it to you on level 2 of the Snake
                  | Pit)
 29224 | Snake:2  | Noticed a nagaraja
 29235 | Snake:2  | Killed a nagaraja
 29625 | Snake:3  | Reached skill level 19 in Fighting
 29632 | Snake:3  | Noticed a nagaraja
 29921 | Snake:3  | Killed a nagaraja
 29935 | Snake:3  | Reached XP level 17. HP: 114/168 MP: 17/17
 30724 | Snake:3  | Received a gift from Trog
 31060 | Snake:4  | Entered Level 4 of the Snake Pit
 31724 | Snake:4  | Reached skill level 20 in Fighting
 31786 | Snake:4  | Found Dyoras's Jewellery Shoppe.
 31788 | Snake:4  | Found Nahepp's Gadget Shop.
 31789 | Snake:4  | Found Weanog's Jewellery Shoppe.
 32828 | Snake:4  | Noticed Nikola
 32841 | Snake:4  | Killed Nikola
 32910 | Snake:4  | Received a gift from Trog
 33223 | Snake:4  | Reached XP level 18. HP: 29/180 MP: 18/18
 34117 | Snake:4  | Got a serpentine rune of Zot
 34352 | Swamp:1  | Entered Level 1 of the Swamp
 34716 | Swamp:1  | Received a gift from Trog
 35340 | Swamp:2  | Got a pair of slimy boots
 35351 | Swamp:2  | Identified the +0 pair of boots of Puloas {rN+ MP+9 Dex+2}
                  | (You found it on level 2 of the Swamp)
 36303 | Swamp:3  | Reached skill level 21 in Fighting
 37402 | Swamp:4  | Entered Level 4 of the Swamp
 37436 | Swamp:4  | Received a gift from Trog
 38556 | Swamp:4  | Got a decaying rune of Zot
 38712 | Swamp:4  | Received a gift from Trog
 38740 | Swamp:4  | Reached skill level 10 in Shields
 39348 | Vaults:1 | Entered Level 1 of the Vaults
 39470 | Vaults:1 | Reached XP level 19. HP: 133/190 MP: 19/19
 40046 | Vaults:1 | Got an ebony arbalest
 40208 | Vaults:1 | Received a gift from Trog
 40396 | Vaults:1 | Noticed Asterion
 40412 | Vaults:1 | Killed Asterion
 41114 | Vaults:2 | Reached skill level 22 in Fighting
 41115 | Vaults:2 | Noticed Margery
 41133 | Vaults:2 | Killed Margery
 41262 | Vaults:2 | Found a flickering gateway to a bazaar.
 41320 | Bazaar   | Entered a bazaar
 41320 | Bazaar   | Found Nujyujy's Weapon Shop.
 41320 | Bazaar   | Found Fuizerig's Magic Scroll Shop.
 41320 | Bazaar   | Found Bupofuw's Jewellery Shoppe.
 41493 | Bazaar   | Found Feixatus's Distillery.
 42305 | Vaults:2 | Received a gift from Trog
 42870 | Vaults:2 | Reached XP level 20. HP: 201/201 MP: 20/20
 43743 | Vaults:2 | Found a staircase to the Crypt.
 44185 | Vaults:3 | Noticed Mara
 44186 | Vaults:3 | Noticed Apogee's illusion
 44207 | Vaults:3 | Killed Mara
 44323 | Vaults:3 | Received a gift from Trog
 44399 | Vaults:3 | Identified a scroll of acquirement
 44399 | Vaults:3 | Acquired the +1 pair of boots of Hedge Wizardry {MR+ Str+2
                  | Slay+3 SInv}
 44748 | Vaults:3 | Found Lawnegy's Armour Boutique.
 44811 | Vaults:3 | Noticed Bai Suzhen
 44821 | Vaults:3 | Killed Bai Suzhen
 44994 | Vaults:3 | Found a radiant altar of Vehumet.
 45034 | Vaults:3 | Got a distressingly furry hat
 45046 | Vaults:3 | Identified the +1 hat "Pac Fizi" {rC++ Regen+} (You found
                  | it on level 3 of the Vaults)
 45048 | Vaults:3 | Got a transparent hat
 45059 | Vaults:3 | Identified the +1 hat of Darkness {rC++ Stlth-} (You found
                  | it on level 3 of the Vaults)
 45073 | Vaults:3 | Got a fabulously ornate robe
 45109 | Vaults:3 | Got a silken robe
 45407 | Vaults:4 | Found a flickering gateway to a bazaar.
 45413 | Bazaar   | Entered a bazaar
 45413 | Bazaar   | Found Mesmak's Distillery.
 45413 | Bazaar   | Found Letateic's Book Emporium.
 45417 | Bazaar   | Found Mullea's Jewellery Shoppe.
 45421 | Bazaar   | Bought a potion of degeneration for 17 gold pieces
 45431 | Bazaar   | Found Resacwy's Armour Emporium.
 45571 | Vaults:4 | Reached skill level 15 in Shields
 45574 | Vaults:4 | Received a gift from Trog
 45591 | Vaults:4 | Reached skill level 23 in Fighting
 45746 | Vaults:4 | Reached XP level 21. HP: 187/211 MP: 21/21
 45900 | Vaults:4 | Got a bloodstained falchion
 46119 | Vaults:4 | Received a gift from Trog
 46789 | Orc:1    | Entered Level 1 of the Orcish Mines
 47178 | Orc:2    | Entered Level 2 of the Orcish Mines
 47205 | Orc:2    | Found a staircase to the Elven Halls.
 47238 | Orc:2    | Found Zisan's Antique Weapon Shoppe.
 47444 | Orc:2    | Found Baskal's Jewellery Shoppe.
 47548 | Orc:2    | Received a gift from Trog
 47556 | Orc:2    | Found Ryunec's Antique Armour Emporium.
 47652 | Orc:2    | Found Mefazy's General Store.
 47727 | Orc:2    | Found a shimmering blue altar of Sif Muna.
 47962 | Elf:1    | Entered Level 1 of the Elven Halls
 48232 | Elf:1    | Identified the Reference Book on Damage Dealing
 48384 | Elf:1    | Received a gift from Trog
 48659 | Elf:1    | Found Cingeate's Magic Scroll Shoppe.
 48667 | Elf:1    | Bought a scroll of acquirement for 1040 gold pieces
 48667 | Elf:1    | Acquired the +8 broad axe "Goblinbane" {protect, rC+ Str+3}
 49207 | Elf:2    | Found a runed translucent gate.
 49207 | Elf:2    | Found a runed translucent gate.
 49208 | Elf:2    | Found a runed translucent gate.
 49232 | Elf:2    | Reached skill level 24 in Fighting
 49318 | Elf:2    | Found Toogor's Assorted Antiques.
 49321 | Elf:2    | Found Setriu Nana's General Store.
 49332 | Elf:2    | Found Finaimung's Antique Weapon Boutique.
 49463 | Elf:2    | Found Aguapeup's General Store.
 49671 | Elf:3    | Entered Level 3 of the Elven Halls
 49859 | Elf:3    | Found Naedaren's Weapon Boutique.
 50052 | Elf:3    | Got a pitted lapis lazuli ring
 50196 | Elf:3    | Reached XP level 22. HP: 200/222 MP: 22/22
 50521 | Elf:3    | Received a gift from Trog
 50701 | Elf:3    | Identified the cursed +0 quarterstaff of Dife {vamp, +Fly
                  | rElec Str+3 Stlth+}
 50701 | Elf:3    | Identified the ring of Jocoeni {rElec rPois Int+3}
 51091 | Elf:3    | Identified the ring "Kytry" {rElec Str+6} (You found it on
                  | level 3 of the Elven Halls)
 51157 | Elf:3    | Identified the cursed +0 war axe of Vanity {flame, rPois
                  | rF+}
 51473 | Elf:3    | Identified the +1 short sword of Melee {speed, *Drain rPois
                  | rC+}
 51473 | Elf:3    | Identified the cursed +1 robe of Complete Protection
                  | {Int+5}
 51520 | Elf:3    | Got a scorched hunting sling
 51534 | Elf:3    | Found the +6 lightning scales {run, rElec}
 51571 | Elf:3    | Got an ichor-stained tower shield
 51582 | Elf:3    | Identified the +7 tower shield "Ychorgh" {rN++} (You found
                  | it on level 3 of the Elven Halls)
 51620 | Elf:3    | Got a dazzling ring mail
 51867 | Depths:1 | Entered Level 1 of the Depths
 52272 | Depths:1 | Found Varhator's Weapon Boutique.
 52319 | Depths:1 | Found a gateway to a ziggurat.
 52372 | Depths:1 | Received a gift from Trog
 52731 | Depths:1 | Found a runed translucent door.
 52749 | Depths:1 | Found a radiant altar of Vehumet.
 52749 | Depths:1 | Noticed an ancient lich
 52934 | Depths:1 | Found a gateway to Hell.
 53071 | Depths:1 | Found a one-way gate leading to the halls of Pandemonium.
 53273 | Depths:2 | Reached skill level 25 in Fighting
 53345 | Depths:2 | Reached XP level 23. HP: 234/234 MP: 23/23
 53406 | Depths:2 | Noticed a caustic shrike
 53411 | Depths:2 | Killed a caustic shrike
 53413 | Depths:2 | Noticed a caustic shrike
 53416 | Depths:2 | Noticed a caustic shrike
 53420 | Depths:2 | Killed a caustic shrike
 53423 | Depths:2 | Killed a caustic shrike
 53425 | Depths:2 | Paralysed by a floating eye for 3 turns
 53458 | Depths:2 | Identified the cursed +0 executioner's axe "Kyubiash"
                  | {vorpal, rElec}
 53463 | Depths:2 | Received a gift from Trog
 53779 | Depths:2 | You fall into a shaft and drop 2 floors!
 53976 | Depths:4 | Received a gift from Trog
 54158 | Depths:4 | Noticed a golden dragon
 54241 | Depths:4 | Killed a golden dragon
 54248 | Depths:4 | HP: 16/354 [ice dragon/blast of cold (10)]
 54255 | Depths:4 | Killed from afar by a spriggan air mage

Illustrated notes

Levels and vault maps discovered:
D:1:      ldierk_walled_garden_2, layout_basic
D:2:      layout_loops_ring, nicolae_ashenzari_panopticon
D:3:      layout_loops_ring, uniq_crazy_yiuf_cottage, uniq_ijyb, uniq_grinder
D:4:      layout_loops_ring, uniq_blork_the_orc, uniq_pikel, uniq_eustachio,
          uniq_duvessa
D:5:      layout_basic, tgw_trog, minitemple
D:6:      black_bear_nest_1, layout_loops_cross, minmay_temple_entry_crystal_x,
          biasface_ghost_orc_armoury, serial_shops, nicolae_shop_trees,
          minmay_fractal_squares_gapless_5, uniq_menkaure, uniq_sigmund
D:7:      layout_loops_corners
D:8:      layout_gridville, serial_shops, shop_statue, minmay_lindwurm_lava,
          uniq_gastronok, uniq_prince_ribbit1
D:9:      layout_roguey, lemuel_coloured_pillars_altar,
          erik_lair_orcish_takeover, grunt_decor_resistance,
          minmay_another_anthill, uniq_harold
D:10:     layout_loops_corners, david_orc_2, grunt_dithmenos_smoke
D:11:     layout_irregular_city, serial_shops, nicolae_shop_crystal,
          minmay_misc_feat_room
D:12:     layout_loops_ring, minivault_25_ag, uniq_psyche, uniq_nergalle
D:13:     layout_roguey, gauntlet_entry_generic
D:14:     layout_loops_ring, skrybe_vaults_entry_preservation, serial_shops,
          nicolae_shop_competitors_out_of_business, nicolae_shop_behind_doors,
          nicolae_shop_trees, nicolae_shop_statue_plus,
          nicolae_shop_behind_doors, gammafunk_ghost_berserking_beasts,
          elyvilon_altar_5, serial_bayou
D:15:     grunt_enter_depths_snipers, layout_basic, uniq_jorgrun
Lair:1:   layout_misc_corridors, gammafunk_ghost_necromancy,
          serial_bayou_shore_b
Lair:2:   layout_roguey
Lair:3:   layout_loops_ring, minmay_snake_entry_guardpost_small,
          lightli_volcano_entry_magma_tube, chequers_serial_rivers_small_3,
          uniq_rupert
Lair:4:   layout_cave_pods, skrybe_swamp_entry_bodies
Lair:5:   layout_cave_pods, slime_altar_1, nicolae_lair_grove_arrangements,
          grunt_megastairs_1, serial_bayou_shore_a, infiniplex_staircase_pool_2,
          lemuel_fruit_tree
Lair:6:   hangedman_lair_in_review, layout_gridlike,
          hangedman_lair_caniforms_friends, uniq_snorg
Swamp:1:  layout_basic_swamp, evilmike_swamp_ruin_house_1
Swamp:2:  layout_basic_swamp, evilmike_swamp_ruin_house_6
Swamp:3:  layout_falls_marsh, evilmike_swamp_ruin_rubble_2,
          infiniplex_staircase_pool
Swamp:4:  swamp, layout_basic_swamp
Snake:1:  layout_onion_interference, serial_bayou_shore_b, uniq_aizul
Snake:2:  layout_misc_corridors, serial_shops, nicolae_shop_crystal,
          uniq_vashnia
Snake:3:  layout_misc_corridors
Snake:4:  snake_pit, layout_cave_town, st_stairs_5, minmay_shop_grove,
          uniq_nikola
Orc:1:    layout_caves
Orc:2:    grunt_orc_gardens, layout_diamond_mine, grunt_orc_garden,
          grunt_orc_garden, grunt_orc_garden, grunt_orc_garden, led_sif_book
Elf:1:    layout_loops_corners, serial_shops, nicolae_shop_crystal,
          minmay_elf_annihilation, minivault_5
Elf:2:    layout_geoelf_grid, serial_sigils, serial_sigils_hangedman_clutch,
          serial_sigils_hangedman_gut, serial_sigils_hangedman_scar,
          serial_sigils_hangedman_carve, serial_shops, shop, shop,
          nicolae_shop_waterfront, shop
Elf:3:    minmay_elf_hall, layout_onion_city, serial_shops,
          nicolae_shop_waterfront
Vaults:1: vaults_room_ringed_pool, vaults_room_octagon, v_misc_26,
          nicolae_vaults_little_squares_2, hangedman_vaults_capsules,
          grunt_vaults_twisty, ontoclasm_vaults_hangar, v_misc_26, v_rooms_2,
          nicolae_vaults_yaktaur_gun_rack, nicolae_vaults_fighting_squares,
          layout_vaults_maze_bifur, uniq_asterion
Vaults:2: grunt_vaults_trifunnel, v_misc_13, v_misc_5,
          hangedman_vaults_corner_blocks, v_alt_pattern_6, vaults_mumra_hex,
          minmay_crypt_entry_nasty_monster, v_misc_22, vaults_room_fours,
          nicolae_vaults_little_squares_4, hangedman_vaults_snaps,
          layout_vaults_omnibox, serial_shops, freezing_bzr, uniq_margery
Vaults:3: vaults_dpeg_diagonal, nicolae_vaults_ninety_degrees,
          grunt_tower_of_power, ontoclasm_vaults_misaligned,
          nicolae_vaults_theta, v_misc_10, vaults_room_grunt_arrival_checkpoint,
          layout_vaults_big_cross, serial_shops, nicolae_shop_crystal,
          uniq_mara, uniq_bai_suzhen
Vaults:4: st_hourglassy, ontoclasm_vaults_misaligned, ontoclasm_vaults_spin,
          v_alt_pattern_1, hangedman_vaults_nails,
          nicolae_vaults_border_crossing, vaults_dpeg_encased_lava,
          nicolae_vaults_big_ls, nicolae_vaults_sealed_display,
          layout_vaults_ring, serial_shops, bzr_entry_road
Depths:1: layout_gridville, enter_ziggurat_c, serial_glass, glass_columns_a,
          glass_columns_a, glass_columns_c, glass_columns_c, feat_on_display,
          due_unseen_surprise, minmay_strange_pillars, grunt_pan_entry_zigzag,
          hell_entry, serial_shops, shop, grunt_absolute_annihilation
Depths:2: grunt_crosshair, layout_basic, hell_entry, abyss_entry,
          minmay_misc_feat_four_crosses, serial_sigils_hangedman_writhe
Depths:4: evilmike_inaccessible_box, layout_basic, abyss_entry_crystal,
          grunt_metal_band, minmay_pinched_square,
          infiniplex_staircase_split_hallway

Skill      XL: |  1  2  3  4  5  6  7  8  9 10 11 12 13 14 15 16 17 18 19 20 21 22 23 |
---------------+----------------------------------------------------------------------+-----
Fighting       | 4 5 6 7 9 11 12 14 15 16 17 19 20 21 22 23 24 25 | 25.8
Axes           | 5 6 7 9 11 13 14 15 17 18 | 18.0
Armour         | 3 4 5 6 7 9 11 12 13 14 16 17 18 19 20 21 22 23 | 23.9
Throwing       | 4 7 9 10 | 10.0
Shields        | 5 6 10 12 15 16 17 18 | 18.9
Dodging        | |  1.5

Action                   |  1- 3 |  4- 6 |  7- 9 | 10-12 | 13-15 | 16-18 | 19-21 | 22-24 || total
-------------------------+-------+-------+-------+-------+-------+-------+-------+-------++-------
Melee: Hand axe          |   134 |   146 |   471 |  1034 |       |       |       |       ||  1785
       Unarmed           |       |     8 |       |       |       |       |       |       ||     8
       Battleaxe         |       |       |       |    83 |   368 |       |       |       ||   451
       Broad axe         |       |       |       |       |   352 |   889 |   992 |   573 ||  2806
Throw: Stone             |       |       |       |     5 |       |    25 |     3 |       ||    33
       Javelin           |       |       |       |       |       |       |       |     2 ||     2
Invok: Berserk           |       |     2 |     5 |    13 |     8 |     5 |     8 |     3 ||    44
       Trog's Hand       |       |       |     1 |     2 |       |       |       |       ||     3
       Brothers in Arms  |       |       |       |     3 |     2 |     4 |     4 |       ||    13
Evoke: Wand              |       |       |       |       |       |       |       |     4 ||     4
  Use: Scroll            |       |       |       |    17 |     9 |     7 |     6 |       ||    39
       Potion            |       |       |       |       |       |     3 |       |       ||     3
 Stab: Distracted        |       |       |       |       |       |     3 |     1 |       ||     4
Armor: Animal skin       |    10 |       |       |       |       |       |       |       ||    10
       Chain mail        |    40 |    64 |    57 |       |       |       |       |       ||   161
       Plate armour      |       |       |   162 |   481 |       |       |       |       ||   643
       Fire dragon scale |       |       |       |    73 |   367 |   413 |   195 |    85 ||  1133
Dodge: Dodged            |    78 |    53 |   104 |   427 |   586 |   470 |   175 |    79 ||  1972
Block: Buckler           |       |       |       |       |    79 |    83 |       |       ||   162
       Kite shield       |       |       |       |       |       |   336 |   393 |       ||   729
       Reflection        |       |       |       |       |       |    12 |   120 |    68 ||   200
       Tower shield      |       |       |       |       |       |       |   304 |   569 ||   873

Table legend: (Time is in decaauts)
 A = Elapsed time spent in this place.
 B = Non-inter-level travel time spent in this place.
 C = Inter-level travel time spent in this place.
 D = Time resting spent in this place.
 E = Time spent auto-exploring this place.
 F = Levels seen in this place.
 G = Mean time per level.
                   A        B        C        D        E       F      G
               +--------+--------+--------+--------+--------+-----+--------+
         Total |  53660 |  51552 |   2108 |  11409 |  30708 |  44 | 1219.5 |
       Dungeon |  19517 |  18572 |    945 |   3175 |  12481 |  15 | 1301.1 |
          Lair |   7592 |   7251 |    341 |    840 |   5206 |   6 | 1265.3 |
         Swamp |   4952 |   4822 |    130 |   1153 |   2933 |   4 | 1238.0 |
     Snake Pit |   6387 |   6246 |    141 |   2908 |   2273 |   4 | 1596.8 |
  Orcish Mines |   1174 |   1101 |     73 |    111 |    699 |   2 |  587.0 |
   Elven Halls |   3673 |   3477 |    196 |    628 |   2096 |   3 | 1224.3 |
        Vaults |   6959 |   6679 |    280 |   1772 |   3636 |   4 | 1739.8 |
        Depths |   2268 |   2268 |      0 |    537 |    876 |   3 |  756.0 |
        Bazaar |    269 |    269 |      0 |      0 |    230 |   2 |  134.5 |
      Gauntlet |    865 |    865 |      0 |    282 |    276 |   1 |  865.0 |
               +--------+--------+--------+--------+--------+-----+--------+

Top non-repeatable levels by time:
 Snake:4: 3119 daAuts
Vaults:2: 2557 daAuts
  Lair:6: 2147 daAuts
    D:15: 1817 daAuts
     D:9: 1769 daAuts
 Swamp:4: 1758 daAuts
   Elf:3: 1740 daAuts
Vaults:1: 1733 daAuts
    D:11: 1477 daAuts
     D:7: 1475 daAuts
    D:12: 1465 daAuts
Vaults:3: 1464 daAuts
 Snake:2: 1442 daAuts
  Lair:3: 1408 daAuts
     D:3: 1377 daAuts
